 Dungeon Crawl Stone Soup version 0.29.1-1-gd02db6906a (webtiles) character file.

Game seed: 7014703277324915493

155 safid the Shooter (level 5, -4/70 HPs)
             Began as a Minotaur Hunter on Sept 26, 2022.
             Was an Initiate of Okawaru.
             Slain by an ice beast (9 damage)
             ... on level 5 of the Dungeon.
             The game lasted 00:05:13 (3810 turns).

safid the Shooter (Minotaur Hunter)                 Turns: 3810, Time: 00:05:14

Health: -4/70      AC:  4    Str: 15    XL:     5   Next: 14%
Magic:  4/4        EV: 12    Int:  6    God:    Okawaru [......]
Gold:   216        SH:  5    Dex: 16    Spells: 4/4 levels left

rFire   . . .      SeeInvis .   a - +0 shortbow
rCold   . . .      Faith    .   (shield currently unavailable)
rNeg    + . .      Spirit   .   c - +0 leather armour
rPois   +          Reflect  +   (helmet restricted)
rElec   .          Harm     .   (no cloak)
rCorr   .          Rampage  .   (no gloves)
Will    .....                   m - +0 pair of boots
Stlth   ..........              g - amulet of reflection
HPRegen 0.21/turn               i - ring of positive energy
MPRegen 0.09/turn               j - ring of poison resistance

@: berserking, very quick
A: horns 2, retaliatory headbutt
a: Renounce Religion


You were on level 5 of the Dungeon.
You worshipped Okawaru.
Okawaru was noncommittal.
You visited 1 branch of the dungeon, and saw 5 of its levels.

You collected 216 gold pieces.

Inventory:

Hand Weapons
 a - a +0 shortbow (weapon)
Missiles
 l - 4 curare-tipped darts
Armour
 c - a +0 leather armour (worn)
 m - a +0 pair of boots (worn)
Jewellery
 g - an amulet of reflection (around neck)
 i - a ring of positive energy (left hand)
 j - a ring of poison resistance (right hand)
 k - a ring of fire
 u - a ring of positive energy
 x - a +6 ring of strength
 y - a ring of flight
Scrolls
 e - 4 scrolls of teleportation {unknown}
 f - 4 scrolls of acquirement {unknown}
 n - a scroll of enchant armour {unknown}
 o - 2 scrolls of fear {unknown}
 r - a scroll of magic mapping {unknown}
 s - a scroll of vulnerability {unknown}
 v - 2 scrolls of identify {unknown}
Potions
 b - a potion of cancellation {unknown}
 d - a potion of curing {unknown}
 h - 2 potions of berserk rage
 p - 2 potions of invisibility {unknown}
 q - a potion of flight {unknown}
 t - a potion of might {unknown}
 w - a potion of heal wounds {unknown}


   Skills:
 + Level 4.9 Fighting
 + Level 5.9 Ranged Weapons
 - Level 2.1 Dodging
 - Level 0.7 Stealth


You had 4 spell levels left.
You didn't know any spells.
Your spell library contained the following spells:

 Spells                   Type           Power      Damage    Failure   Level
 Magic Dart               Conj           0%         1d3       52%         1
 Mephitic Cloud           Conj/Pois/Air  0%         N/A       88%         3
 Call Imp                 Summ           Unusable   N/A       N/A         2

Dungeon Overview and Level Annotations

Branches:
Dungeon (5/15)             Temple (0/1) D:4

Altars:
Ashenzari
Fedhas
Gozag
Nemelex Xobeh
Okawaru
Ru
Trog
The Shining One

Shops:
D:3 :


Innate Abilities, Weirdness & Mutations

You have a pair of horns on your head.
You reflexively headbutt those who attack you in melee.


Message History

You shoot an arrow. The arrow hits the ice beast.
The ice beast is lightly wounded.
The ice beast misses you.
You shoot an arrow. The arrow closely misses the ice beast.
The ice beast hits you. The ice beast freezes you!
* * * LOW HITPOINT WARNING * * *
The ice beast hits you.
* * * LOW HITPOINT WARNING * * *
The ice beast freezes you!
* * * LOW HITPOINT WARNING * * *
Fire: a) +0 shortbow
Press: ? - help, Q - select action, (/) - cycle Shift-Dir - straight line, f/p - ice beast
Aim: an ice beast (lightly wounded, 64% to hit)
You shoot an arrow. The arrow hits the ice beast!
The ice beast is moderately wounded.
The ice beast closely misses you.
Unknown command.
It was a potion of berserk rage.
A red film seems to cover your vision as you go berserk!
You feel yourself moving faster!
You feel mighty!
The ice beast hits you but does no damage.
Unknown command.
You are too berserk!
You are too berserk!
Unknown command.
Really attack while wielding your +0 shortbow? [Y]es or [N]o only, please.
Really attack while wielding your +0 shortbow?
You clumsily bash the ice beast but do no damage.
The ice beast is moderately wounded.
The ice beast misses you.
You hit the ice beast!
The ice beast is heavily wounded.
You block the ice beast's attack.
You clumsily bash the ice beast.
The ice beast is severely wounded.
The ice beast hits you.
* * * LOW HITPOINT WARNING * * *
The ice beast freezes you!
You die...

#. +.. ##'#
#....########+###
#....#..........#
#....~~.........
#..~~≈~@Y......
##..~_~.#####.#
#..~~~~...###.#
#..~~.~~...#..#
#..........'..#
#....#.....#..#
#....####)###'#####+##
#.... ................
.... ................


You could see an ice beast.

Vanquished Creatures
  5 adders
  A worm (D:2)
  4 dart slugs
  11 orcs
  7 endoplasms
  3 giant cockroaches
  7 hobgoblins
  3 jackals (D:2)
  5 quokkas
  8 ball pythons
  4 bats
  10 frilled lizards
  6 goblins
  5 kobolds
  6 rats
85 creatures vanquished.

Notes
Turn   | Place    | Note
-------+----------+-------------------------------------------
     0 | D:1      | safid the Minotaur Hunter began the quest for the Orb.
     0 | D:1      | Reached XP level 1. HP: 18/18 MP: 0/0
    63 | D:1      | Reached XP level 2. HP: 25/25 MP: 1/1
   838 | D:1      | Reached XP level 3. HP: 27/31 MP: 2/2
   892 | D:1      | Reached skill level 5 in Ranged Weapons
  1282 | D:2      | Found a glowing golden altar of the Shining One.
  1595 | D:2      | Reached XP level 4. HP: 40/40 MP: 3/3
  1595 | D:2      | Found a faded altar of an unknown god.
  1971 | D:3      | Found Jetsanomm's Book Emporium.
  2629 | D:3      | Found an iron altar of Okawaru.
  2864 | D:3      | Became a worshipper of Warmaster Okawaru
  2947 | D:3      | Found a sacrificial altar of Ru.
  3020 | D:3      | Found a broken altar of Ashenzari.
  3153 | D:4      | Found a sparkling altar of Nemelex Xobeh.
  3283 | D:4      | Found an opulent altar of Gozag.
  3448 | D:4      | Found a staircase to the Ecumenical Temple.
  3531 | D:4      | Found a bloodstained altar of Trog.
  3644 | D:5      | Entered Level 5 of the Dungeon
  3731 | D:5      | Reached XP level 5. HP: 44/47 MP: 4/4
  3789 | D:5      | Found a blossoming altar of Fedhas.
  3802 | D:5      | Noticed an ice beast
  3810 | D:5      | Slain by an ice beast

Illustrated notes

Levels and vault maps discovered:
D:1:      scummos_arrival_forest, layout_basic
D:2:      layout_rooms, hellmonk_ecumenical_altar_zigzags, basic_altar
D:3:      layout_loops_corners, nicolae_ru_path_of_blood, marbit_many_paths,
          mainiacjoe_overflow_alcove_4, serial_shops, nicolae_shop_behind_doors,
          nicolae_hexahallways
D:4:      layout_basic, mainiacjoe_overflow_small_starburst,
          nicolae_gozag_seed_capital, old_standard_altar,
          minmay_temple_entry_statues, minmay_misc_feat_rugged, chequers_garden
D:5:      layout_gridville, fedhas_altar_2, portal_sewer_entry_e,
          nicolae_sextant, kennysheep_generic_room_6, uniq_eustachio,
          uniq_edmund, uniq_ijyb

Skill      XL: |  1  2  3 |
---------------+----------+-----
Fighting       | 3 4 |  4.9
Ranged Weapons | 5 |  5.9
Dodging        | |  2.1
Stealth        | |  0.7

Action                   |  1- 3 |  4- 6 || total
-------------------------+-------+-------++-------
Melee: Shortbow          |       |     3 ||     3
 Fire: Shortbow          |   140 |    90 ||   230
  Use: Potion            |       |     1 ||     1
Armor: Leather armour    |     9 |     4 ||    13
Dodge: Dodged            |    27 |    20 ||    47
Block: Other             |     3 |     3 ||     6
